 Dungeon Crawl Stone Soup version 0.21-a0-552-g593960d (webtiles) character file.

242 kae the Insei (level 5, -2/42 HPs)
             Began as a Draconian Transmuter on Dec 17, 2017.
             Was a Follower of Wu Jian.
             Slain by an orc
             ... wielding a +0 trident
              (5 damage)
             ... on level 4 of the Dungeon.
             The game lasted 00:04:41 (4932 turns).

kae the Insei (Draconian Transmuter)                Turns: 4932, Time: 00:04:42

Health: -2/42      AC:  7    Str: 12    XL:     5   Next: 81%
Magic:  9/9        EV: 13    Int: 13    God:    Wu Jian [*.....]
Gold:   79         SH:  0    Dex: 13    Spells: 8/9 levels left

rFire    . . .     SeeInvis .   v - +0 short sword (drain)
rCold    . . .     Gourm    .   (no shield)
rNeg     . . .     Faith    .   (armour unavailable)
rPois    .         Spirit   .   (helmet restricted)
rElec    .         Reflect  .   (no cloak)
rCorr    .         Harm     .   (no gloves)
MR       .....                  m - +1 pair of boots
Stlth    +.........             (no amulet)
HPRegen  0.14/turn              f - ring of flight
MPRegen  0.11/turn              (no ring)

@: no status effects
A: unfitting armour, cold-blooded, AC +5
a: Renounce Religion, Evoke Flight


You were on level 4 of the Dungeon.
You worshipped Wu Jian.
Wu Jian was aware of your devotion.
You were not hungry.

You visited 1 branch of the dungeon, and saw 4 of its levels.

You collected 79 gold pieces.

Inventory:

Hand Weapons
 h - a +0 club
 v - a +0 short sword of draining (weapon)
Missiles
 a - 47 arrows
Armour
 m - a +1 pair of boots (worn)
Jewellery
 f - a ring of flight (left hand)
 g - an uncursed ring of wizardry {unknown}
Scrolls
 e - a scroll of remove curse
 p - 2 scrolls of blinking
Potions
 k - a potion of curing
 n - 2 potions of cancellation {unknown}
 o - 3 potions of heal wounds {unknown}
 z - a potion of agility {unknown}
Books
 b - a book of Changes

   Spells                             Type                      Level
   a - Beastly Appendage              Transmutation                1
   b - Sticks to Snakes               Transmutation                2
   c - Spider Form                    Transmutation/Poison         3
   d - Ice Form                       Ice/Transmutation            4
   e - Blade Hands                    Transmutation                5
Comestibles
 c - 4 bread rations
 i - 3 meat rations
 l - 2 royal jellies


   Skills:
 + Level 2.7 Fighting
 + Level 2.7 Dodging
 * Level 4.5 Unarmed Combat
 + Level 2.9 Spellcasting
 + Level 3.0 Transmutations


You had 8 spell levels left.
You knew the following spells:

 Your Spells              Type           Power        Failure   Level  Hunger
a - Beastly Appendage     Tmut           #.....       7%          1    #......


Dungeon Overview and Level Annotations

Branches:
Dungeon (4/15)             Temple (0/1) D:4

Altars:
Ashenzari
Okawaru
Qazlal
Ru
Trog
Wu Jian
Yredelemnul
The Shining One


Innate Abilities, Weirdness & Mutations

Your plain brown scales are hard. (AC +5)
You cannot fit into any form of body armour.
You are cold-blooded and may be slowed by cold attacks.


Message History

The gnoll is almost dead.
The gnoll shaman hits you with a whip! The orc closely misses you.
The gnoll misses you.
You closely miss the gnoll.
The gnoll is almost dead.
The gnoll hits you with a halberd! The gnoll shaman barely misses you.
The orc misses you.
You hit the gnoll.
You kill the gnoll!
The Council accepts your kill. The gnoll shaman hits you with a whip.
* * * LOW HITPOINT WARNING * * *
The orc closely misses you. The orc hits you but does no damage.
You spin to attack the gnoll shaman, but your attack speed is too slow for a blow to land.
You spin and attack the orc.
You barely miss the orc.
Your tail-slap misses the orc.
The gnoll shaman hits you with a whip!
* * * LOW HITPOINT WARNING * * *
The orc hits you with a trident.
You die...

.................#...##'*,,*+**,,
#####..................,,,,,,,**+
#.................,,,,,,,,,,,
#...............#*+****,,,,,,
#...............#,,*,,*****,,
#...............#,,*,,+,,,+,,
######....)..(..#######,,,*,,
#.....g.....(..P.#####.,
#.....o@....(..........,
#.....<...((..#........,
#.......(...#.#.#######*
#.......(...#...#
#.......#...##..#
##############..# *,..>#*******
*,####*,,,,,* *,*,***,***,*


You could see a gnoll shaman (pinned) and an orc (pinned).

Vanquished Creatures
  An orc priest (D:4)
  An orc wizard (D:4)
  5 gnolls
  5 adders
  2 worms
  4 leopard geckos
  5 orcs
  8 bats
  2 giant cockroaches (D:2)
  9 goblins
  12 hobgoblins
  A quokka (D:4)
  6 frilled lizards
  12 kobolds
  7 rats
80 creatures vanquished.

Notes
Turn   | Place    | Note
-------+----------+-------------------------------------------
     0 | D:1      | kae the Draconian Transmuter began the quest for the Orb.
     0 | D:1      | Reached XP level 1. HP: 16/16 MP: 3/3
   513 | D:1      | Reached XP level 2. HP: 23/23 MP: 5/5
  1735 | D:1      | Reached XP level 3. HP: 15/28 MP: 4/6
  2071 | D:2      | Noticed an earth elemental
  2285 | D:2      | Noticed an air elemental
  2287 | D:2      | Found a stormy altar of Qazlal.
  2288 | D:2      | Noticed a water elemental
  2288 | D:2      | Noticed a fire elemental
  3072 | D:2      | Found a basalt altar of Yredelemnul.
  3074 | D:2      | Found an ornate altar of the Wu Jian Council.
  3079 | D:3      | Found a shattered altar of Ashenzari.
  3083 | D:2      | Found a bloodstained altar of Trog.
  3083 | D:2      | Found a glowing golden altar of the Shining One.
  3086 | D:2      | Found a sacrificial altar of Ru.
  3088 | D:2      | Became a worshipper of the Wu Jian Council
  3272 | D:3      | Reached XP level 4. HP: 28/36 MP: 7/7
  4045 | D:3      | Found an iron altar of Okawaru.
  4065 | D:3      | Reached skill level 4 in Unarmed Combat
  4322 | D:4      | Reached XP level 5. HP: 29/42 MP: 6/8
  4323 | D:4      | Found a staircase to the Ecumenical Temple.
  4323 | D:4      | Reached * piety under Wu Jian
  4323 | D:4      | Noticed a phantom
  4932 | D:4      | Slain by an orc

Vault maps used:
D:1:      nicolae_arrival_washed_ashore
D:2:      nicolae_overflow_hidden_temple, nicolae_qazlal_style_of_elements,
          first_bread
D:3:      ashenzari_conservatory_becter, okawaru_altar_gauntlet_db
D:4:      corexii_shack_village, nicolae_gozag_seed_capital,
          minmay_temple_entry_large_hall

Skill      XL: |  1  2  3  4  5 |
---------------+----------------+-----
Dodging        | 2 |  2.7
Fighting       | 2 |  2.7
Unarmed Combat | 4 |  4.5
Transmutations | 3 |  3.0
Spellcasting   | |  2.9

Action                   |  1- 3 |  4- 6 || total
-------------------------+-------+-------++-------
Melee: Unarmed           |    21 |       ||    21
       Club              |   174 |    24 ||   198
       Tailslap          |    22 |    20 ||    42
       Headbutt          |     7 |     5 ||    12
       Kick              |     2 |       ||     2
       Punch             |     6 |     1 ||     7
       Short sword       |       |   146 ||   146
 Cast: Beastly Appendage |    10 |     3 ||    13
Invok: Lunge             |     2 |    17 ||    19
       Whirlwind         |       |    19 ||    19
  Use: Scroll            |       |    11 ||    11
 Stab: Sleeping          |     1 |       ||     1
  Eat: Chunk             |     8 |     5 ||    13
Armor: Skin              |    85 |    49 ||   134
Dodge: Dodged            |   144 |   147 ||   291

Table legend:
 A = Spawn XP
 B = Non-spawn XP
 C = Spawn XP percentage of total XP
 D = Spawn monster count
 E = Non-spawn monster count
 F = Spawn count percentage of total count
 G = Total turns spent on level
                    A         B        C        D         E        F      G
               +---------+---------+-------+---------+---------+-------+---------
         Total |       0 |     346 |   0.0 |       0 |      80 |   0.0 |  4932
               +---------+---------+-------+---------+---------+-------+---------
           D:1 |       0 |      45 |   0.0 |       0 |      19 |   0.0 |  1962
           D:2 |       0 |      43 |   0.0 |       0 |      19 |   0.0 |  1127
           D:3 |       0 |     100 |   0.0 |       0 |      28 |   0.0 |  1635
           D:4 |       0 |     158 |   0.0 |       0 |      14 |   0.0 |   208
               +---------+---------+-------+---------+---------+-------+---------
